 Dungeon Crawl Stone Soup version 0.16.1-11-g651b585 (webtiles) character file.

1225 tkappleton the Conjurer (level 8, -3/67 HPs)
             Began as a Troll Conjurer on Apr 1, 2015.
             Was a Follower of Vehumet.
             Shot with an arrow by a centaur (12 damage)
             ... on level 7 of the Dungeon on Apr 2, 2015.
             The game lasted 00:52:53 (6897 turns).

tkappleton the Conjurer (Troll Conjurer)            Turns: 6897, Time: 00:52:53

Health: -3/67      AC:  7    Str: 19    XL:     8   Next: 23%
Magic:  11/11      EV: 11    Int: 13    God:    Vehumet [*.....]
Gold:   340        SH:  0    Dex: 13    Spells: 4 memorised, 3 levels left

rFire  . . .     SeeInvis .     (no weapon)
rCold  . . .     Clarity  .     A - +1 animal skin
rNeg   . . .     SustAb   .     (shield restricted)
rPois  .         Gourm    +     (helmet restricted)
rElec  .         Spirit   .     y - +0 cloak
rCorr  .         Warding  .     (gloves unavailable)
rMut   .         Rnd*Tele +     (boots unavailable)
MR     .....                    (no amulet)
Stlth  +++.......               C - ring of teleportation (curse)
                                I - ring of Scepticism {Contam Str+2 Dex+3 Stlth+}

@: not resistant to hostile enchantments, fairly stealthy
A: unfitting armour, claws 3, fast metabolism 3, gourmand, regeneration 2,
shaggy fur 1, tough skin 2
a: Renounce Religion, Evoke Teleportation


You were on level 7 of the Dungeon.
You worshipped Vehumet.
Vehumet was aware of your devotion.
You were full.

You visited 2 branches of the dungeon, and saw 8 of its levels.

You collected 340 gold pieces.

Inventory:

Hand weapons
 b - a +2 dagger of venom
 p - a cursed -1 dagger
 x - a +1 dagger of speed
 J - a +0 short sword of venom
 L - a +0 dagger of venom
 M - a +0 flail of crushing
Missiles
 D - 3 javelins
 G - 6 tomahawks (quivered)
Armour
 q - a +0 robe
 y - a +0 cloak (worn)
 A - a +1 animal skin (worn)
 F - a +0 robe
Jewellery
 j - an uncursed ring of see invisible
 C - a cursed ring of teleportation (right claw)
 I - the ring of Scepticism (left claw) {Contam Str+2 Dex+3 Stlth+}
   (You found it on level 7 of the Dungeon)

   [ring of stealth]

   It affects your strength (+2).
   It affects your dexterity (+3).
   It causes magical contamination when unequipped.
   It makes you more stealthy.
Magical devices
 z - a wand of polymorph (0)
Scrolls
 d - a scroll of amnesia {unknown}
 f - a scroll of fog {unknown}
 g - 9 scrolls of identify {unknown}
 h - 3 scrolls of teleportation {unknown}
 l - 6 scrolls of noise {unknown}
 r - 3 scrolls of remove curse {unknown}
 u - 2 scrolls of recharging {unknown}
 w - a scroll of immolation {unknown}
 E - a scroll of blinking {unknown}
Potions
 a - a potion of restore abilities {unknown}
 e - 4 potions of curing {unknown}
 k - 3 potions of agility {unknown}
 m - a potion of might {unknown}
 n - 2 potions of lignification {unknown}
 o - 3 potions of heal wounds {unknown}
 t - 5 potions of poison {unknown}
 v - a potion of brilliance {unknown}
 B - a potion of mutation {unknown}
Books
 c - a book of Conjurations

   Spells                             Type                      Level
   a - Magic Dart                     Conjuration                  1
   b - Searing Ray                    Conjuration                  2
   c - Dazzling Spray                 Conjuration/Hexes            3
   d - Fulminant Prism                Conjuration/Hexes            4
   e - Iskenderun's Mystic Blast      Conjuration                  4
   f - Iskenderun's Battlesphere      Conjuration/Charms           5
 H - a book of Summonings

   Spells                             Type                      Level
   a - Abjuration                     Summoning                    3
   b - Recall                         Summoning/Translocation      3
   c - Shadow Creatures               Summoning                    5
   d - Summon Demon                   Summoning                    5
   e - Summon Forest                  Summoning/Translocation      5
   f - Monstrous Menagerie            Summoning                    6
Comestibles
 i - 3 beef jerkies
 s - 5 meat rations


   Skills:
 + Level 4.3 Dodging
 + Level 3.6 Stealth
 + Level 3.2 Spellcasting
 + Level 4.7 Conjurations


You had 3 spell levels left.
You knew the following spells:

 Your Spells              Type           Power        Failure   Level  Hunger
a - Magic Dart            Conj           ##..         3%          1    #......
b - Searing Ray           Conj           ##....       6%          2    ##.....
c - Dazzling Spray        Conj/Hex       #.......     28%         3    ###....
d - Fulminant Prism       Conj/Hex       #.........   85%         4    #####..


Dungeon Overview and Level Annotations

Branches:
Dungeon (7/15)             Temple (1/1) D:4

Altars:
Ashenzari
Dithmenos
Elyvilon
Fedhas
Gozag
Nemelex Xobeh
Qazlal
Sif Muna
Trog
Vehumet
Xom
Yredelemnul
Lugonu

Shops:
D:7 (

Annotations:
D:5 bladedpenguin's ghost, average SpVM


Innate Abilities, Weirdness & Mutations

You are too large for most types of armour.
You have claws for hands.
Your metabolism is lightning-fast.
You like to eat raw meat.
You heal very quickly.
You are covered in fur (AC +1).
You have very tough skin (AC +2).


Message History

The arrow hits you but does no damage.
You hear a splash.
The centaur barely misses you.
You scratch the centaur.
The centaur is almost dead.
The centaur shoots an arrow.
The arrow hits you but does no damage.
You hear a splash.
The centaur shoots an arrow.
The arrow hits you!
* * * LOW HITPOINT WARNING * * *
You hear a splash.
The centaur hits you but does no damage.
You scratch the centaur.
You kill the centaur!
Vehumet accepts your kill.
You hear a splash. x2
The centaur shoots an arrow.
The arrow hits you!
* * * LOW HITPOINT WARNING * * *
You hear a splash.
The centaur shoots an arrow.
The arrow hits you!
You die...

#......# #### ...###...##
#......#≈≈≈≈≈≈≈≈ ≈≈≈≈.......
#....(.#≈≈≈≈≈≈≈≈≈ ≈≈≈....>..
#.......≈≈≈≈≈≈≈≈≈≈≈≈≈.......
#....(..≈≈≈≈≈≈≈≈≈≈≈≈≈.......
#...((.#≈≈≈≈≈≈≈≈≈≈≈≈≈.......
#...^...≈≈≈≈≈...≈≈≈≈≈.......
#######.≈≈≈)≈...≈≈≈≈≈.......
#.≈c≈@≈c..≈≈≈≈≈.......
#.≈≈≈(≈≈≈≈≈≈≈≈≈#......
##≈≈≈≈≈≈≈≈≈≈≈≈≈.((()..
#≈≈≈≈≈≈≈≈≈≈≈≈≈(###(##
#≈≈≈≈≈≈≈≈≈≈≈≈≈.# #(##
#≈≈≈≈≈≈≈≈≈≈≈≈≈.# #.##
#########......# #.##
######## #.## #.##


You could see 2 centaurs.

Vanquished Creatures
  An ogre (D:4)
  A centaur (D:7)
  An orc warrior (D:7)
  Duvessa (D:6)
  A big kobold (D:7)
  2 giant frogs
  Dowan (D:6)
  2 crimson imps
  2 orc wizards (D:7)
  An iguana (D:4)
  A centaur zombie (D:6)
  3 hounds
  A giant frog skeleton (D:4)
  Natasha (thrice) (D:3)
  A worker ant (D:4)
  Ijyb (D:4)
  A hound skeleton (D:6)
  Terence (D:3)
  A worker ant zombie (D:7)
  Robin (D:4)
  9 adders
  2 giant mites
  2 shadow imps
  A worm (D:3)
  5 giant geckos
  16 orcs
  10 bats
  2 bat skeletons (D:4)
  A bat zombie (D:7)
  2 giant cockroaches
  17 goblins
  9 hobgoblins
  A quokka (D:2)
  3 ball pythons
  13 giant newts
  25 kobolds
  11 rats
156 creatures vanquished.

Vanquished Creatures (others)
  A kobold (D:7)
  A fulminant prism (D:6)
2 creatures vanquished.

Grand Total: 158 creatures vanquished

Notes
Turn   | Place    | Note
--------------------------------------------------------------
     0 | D:1      | tkappleton, the Troll Conjurer, began the quest for the Orb.
     0 | D:1      | Reached XP level 1. HP: 16/16 MP: 2/2
    13 | D:1      | Reached skill level 3 in Conjurations
   312 | D:1      | Reached XP level 2. HP: 24/24 MP: 0/2
   785 | D:2      | Found a basalt altar of Yredelemnul.
   987 | D:2      | Reached XP level 3. HP: 31/31 MP: 0/3
  1570 | D:2      | Reached XP level 4. HP: 39/39 MP: 4/4
  2061 | D:3      | Noticed Terence
  2086 | D:3      | Killed Terence
  2170 | D:3      | Noticed Natasha
  2197 | D:3      | Killed Natasha
  2296 | D:3      | Reached XP level 5. HP: 34/45 MP: 0/5
  2298 | D:3      | Noticed Natasha
  2371 | D:3      | Killed Natasha
  2511 | D:3      | Noticed Natasha
  2530 | D:3      | Killed Natasha
  2617 | D:3      | Found a white marble altar of Elyvilon.
  3096 | D:3      | Learned a level 2 spell: Searing Ray
  3100 | D:3      | Learned a level 3 spell: Dazzling Spray
  3206 | D:4      | Found an opulent altar of Gozag.
  3322 | D:4      | Found a staircase to the Ecumenical Temple.
  3335 | D:4      | Reached XP level 6. HP: 31/53 MP: 2/7
  3351 | Temple   | Entered the Ecumenical Temple
  3451 | D:4      | Found a stormy altar of Qazlal.
  3503 | D:4      | Noticed Ijyb
  3511 | D:4      | Killed Ijyb
  3595 | D:4      | Noticed Robin
  3626 | D:4      | Killed Robin
  4081 | D:4      | Noticed an ogre
  4110 | D:4      | Killed an ogre
  4110 | D:4      | Reached skill level 4 in Conjurations
  4110 | D:4      | Reached XP level 7. HP: 59/59 MP: 8/8
  4380 | D:5      | Entered Level 5 of the Dungeon
  4469 | D:5      | Found a radiant altar of Vehumet.
  4482 | D:5      | Became a worshipper of Vehumet
  4564 | D:5      | Learned a level 4 spell: Fulminant Prism
  4583 | D:5      | Noticed bladedpenguin's ghost (average SpVM)
  5835 | D:6      | Noticed Dowan
  5841 | D:6      | Noticed Duvessa
  5854 | D:6      | Killed Duvessa
  5856 | D:6      | Killed Dowan
  6193 | D:7      | Got a wavering copper ring
  6214 | D:7      | Identified the ring of Scepticism {Contam Str+2 Dex+3 Stlth+} (You found it on level 7 of the Dungeon)
  6604 | D:7      | Acquired Vehumet's first power
  6604 | D:7      | Offered knowledge of Sandblast by Vehumet.
  6604 | D:7      | Reached XP level 8. HP: 45/67 MP: 11/11
  6856 | D:7      | Found Sudgh's Weapon Boutique.
  6897 | D:7      | Shot with an arrow by a centaur

Action                   |  1- 3 |  4- 6 |  7- 9 || total
-------------------------+-------+-------+-------++-------
Melee: Unarmed           |    62 |   107 |   103 ||   272
       Dagger            |       |   113 |   271 ||   384
Throw: Tomahawk          |       |       |     8 ||     8
       Javelin           |       |       |     1 ||     1
 Cast: Magic Dart        |    45 |    90 |   135 ||   270
       Fulminant Prism   |       |       |     1 ||     1
 Stab: Sleeping          |     1 |       |     2 ||     3
  Eat: Chunk             |    13 |    31 |    21 ||    65
       Beef jerky        |     1 |       |       ||     1
       Pizza             |       |       |     2 ||     2
       Bread ration      |       |       |     1 ||     1
